Description

This build focuses on a timing attack with a handful of marines and 2 tanks which are supported by 4 scvs to make bunkers at the Protoss' third. The main idea is to harrass early on with the hellion and reaper if possible. Then to do further harass with the Banshee but doing your best not to lose the units. Then at around the 5:30 mark, you push out with 2 tanks, the marines and the scvs. All whilst taking a 3rd back at home.

VOD

https://www.youtube.com/watch?v=HqWobbOx03w

Build Order

Get SALT Encoding   

  14  0:18  Supply Depot  
  14  0:29  Refinery  
  17  0:54  Barracks  
  20  1:32  Reaper, Orbital Command  
  20  1:49  Command Center  
  20  1:59  Factory  
  21  2:08  Barracks Reactor  
  22  2:16  Supply Depot  
  22  2:23  Refinery  
  24  2:42  Hellion  
  27  2:44  Marine x2  Continuous marine production
  27  2:45  Starport  
  32  3:10  Factory Tech Lab  
  36  3:33  Action  Swap starport onto factory tech lab.
  36  3:35  Advanced Cloaking Field  Get Banshee cloak
  38  3:36  Banshee  
  36  3:54  Factory Tech Lab  
  43  4:12  Siege Tank  
  50  4:24  Banshee  
  59  4:45  Siege Tank  
  73  5:20  Action  Push out with the 2 tanks, marines and 4 scvs
  73  5:29  Command Center  
  75  5:31  Refinery  
  77  5:40  Barracks  
Spawning Tool Build Advisor. Get it on Overwolf

Analysis

This is a tight timing attack which needs a high level of micro to pull off. It allows you to pressure the protoss whilst macroing up back home. Once you are pushing out with the timing attack, a 3rd siege tank should be sieged at home to help defend with more on the way and continuous marine production. Once the push is in full swing macro up with your barracks and engineering bays at home.

Go to:

Details

  • Created by: JazzzOnYourFace
  • Published on: Mar 27, 2020
  • Modified on: Apr 01, 2020
  • Patch: 4.11.0
Show
View Real Time Build Order
Export as new Build Order

Comments (0)

There are no comments. Be the first!

Create an account to comment!